 Dungeon Crawl Stone Soup version 0.23.0 (webtiles) character file.

Game seed: 9788798064203275426

2007 Trogdor the Magician (level 9, 0/30 HPs)
             Began as a Felid Venom Mage on Feb 22, 2019.
             Was a Believer of Ru.
             Killed by miscasting Venom Bolt (25 damage)
             ... on level 8 of the Dungeon.
             The game lasted 00:55:45 (10052 turns).

Trogdor the Magician (Felid Venom Mage)            Turns: 10052, Time: 00:55:45

Health: 0/30       AC:  2    Str:  7    XL:     9   Next: 2%
Magic:  6/21       EV: 18    Int: 24    God:    Ru [**....]
Gold:   322        SH:  0    Dex: 17    Spells: 2/23 levels left
                                        Lives:  0   Deaths: 2

rFire    . . .     SeeInvis +     - Unarmed
rCold    . . .     Gourm    .   (shield unavailable)
rNeg     . . .     Faith    +   (armour unavailable)
rPois    .         Spirit   .   (helmet unavailable)
rElec    .         Reflect  .   (cloak unavailable)
rCorr    .         Harm     .   (gloves unavailable)
MR       +....                  (boots unavailable)
Stlth    +++.......             p - amulet of faith
HPRegen  0.10/turn              e - +6 ring of intelligence
MPRegen  0.17/turn              n - +2 ring of strength

@: very slightly contaminated, quick
A: very small, no armour, no weapons or thrown items, stealth, claws 1, fangs 3,
see invisible, carnivore, speed 1, frail 1, shaggy fur 2, slow metabolism 1,
sharp paws
a: Renounce Religion


You were on level 8 of the Dungeon.
You worshipped Ru.
Ru was pleased with you.
You were very full.

You visited 1 branch of the dungeon, and saw 8 of its levels.

You collected 322 gold pieces.

Inventory:

Jewellery
 e - a +6 ring of intelligence (left paw)
 l - an uncursed ring of protection from fire
 n - a +2 ring of strength (right paw)
 p - an amulet of faith (around neck)
Wands
 d - a wand of acid (21)
 s - a wand of digging (5)
 u - a wand of iceblast (5)
Scrolls
 g - 2 scrolls of remove curse
 j - a scroll of magic mapping
 k - 2 scrolls of identify
 m - a scroll of blinking
 q - a scroll of random uselessness {unknown}
 t - a scroll of vulnerability {unknown}
Potions
 a - a potion of brilliance
 c - 2 potions of flight
 f - a potion of agility
 h - 2 potions of resistance
 i - a potion of lignification
 o - a potion of magic {unknown}
 r - a potion of might {unknown}
Comestibles
 b - 10 rations


   Skills:
 + Level 0.1 Fighting
 + Level 3.2 Dodging
 + Level 5.0 Stealth
 + Level 1.3 Unarmed Combat
 + Level 7.8 Spellcasting
 + Level 2.6 Conjurations
 + Level 4.4 Summonings
 + Level 4.6 Air Magic
 + Level 7.2 Poison Magic


You had 2 spell levels left.
You knew the following spells:

 Your Spells              Type           Power        Failure   Level  Hunger
a - Sting                 Conj/Pois      ####         1%          1    None
b - Poisonous Vapours     Pois/Air       #####.       1%          2    None
c - Mephitic Cloud        Conj/Pois/Air  ####....     2%          3    None
d - Olgreb's Toxic Radia  Pois           #####...     3%          4    ###....
e - Call Imp              Summ           ####....     1%          2    None
f - Summon Lightning Spi  Summ/Air       ####....     10%         4    ###....
g - Venom Bolt            Conj/Pois      ####......   24%         5    #####..

Your spell library contained the following spells:

 Spells                   Type           Power        Failure   Level  Hunger
 Summon Small Mammal      Summ           ####         1%          1    None
 Call Canine Familiar     Summ           ####....     3%          3    None
 Summon Guardian Golem    Hex/Summ       ###.....     8%          3    None
 Summon Ice Beast         Ice/Summ       ###.....     26%         4    ###....


Dungeon Overview and Level Annotations

Branches:
Dungeon (8/15)             Temple (0/1) D:4
   Lair: D:8-11

Altars:
Ashenzari
Gozag
Nemelex Xobeh
Ru
Vehumet
Xom


Innate Abilities, Weirdness & Mutations

You cannot wear armour.
You are incapable of wielding weapons or throwing items.
Your paws allow you to move quietly. (Stealth)
You have sharp claws.
You have razor-sharp teeth.
You have supernaturally acute eyesight. (SInv)
You are carnivorous and can eat meat at any time.
You cover ground quickly.
You are frail. (-10% HP)
You are covered in thick fur. (AC +2)
You have a slow metabolism.
Your sharp claws are effective at attacking unaware monsters.


Message History

Things that are here:
4 chunks of flesh; a bullfrog skeleton
Casting: Olgreb's Toxic Radiance (safe; 3% risk of failure)
Confirm with . or Enter, or press ? or * to list all spells.
Aiming: Poisonous Vapours (safe; 1% risk of failure)
Press: ? - help, Dir - move target cursor, f - basilisk
Aim: a basilisk (hasn't noticed you) Poisonous vapours surround the basilisk!
The basilisk hisses angrily.
The basilisk is engulfed in poison gas.
The basilisk is poisoned.
Casting: Poisonous Vapours (safe; 1% risk of failure)
Confirm with . or Enter, or press ? or * to list all spells.
Aiming: Venom Bolt (quite dangerous; 24% risk of failure)
Press: ? - help, Shift-Dir - straight line, f/p - basilisk
Aim: a basilisk (lightly wounded, poisoned)
You miscast Venom Bolt.
You are very lightly contaminated with residual magic.
You are caught in a violent explosion!
The explosion engulfs you!!
Ouch! That really hurt!
You die...

###'#+### ### #.......# ...
#.......# #.###
#.......####. #...#
#........#... #.#
.........#.#.##+###.#######
..>.......................#
........###........#####.##
#)#######.#.....@...####.#
#.### #...#...(.....#....#
.†).###...#.........#.####
..#.#.....#...........#
#)#..##...#........####
..#.......°l###+#.....#
.##..#..#.#####.#.###.#
.'...#..........#.# ...
.#...#........###.# .###


You could see a basilisk.

Vanquished Creatures
  Harold (D:7)
  2 porcupines (D:8)
  A sky beast (D:7)
  3 orc warriors
  5 ogres
  A necrophage (D:8)
  A crocodile (D:6)
  2 bullfrogs
  3 scorpions (D:4)
  2 crimson imps
  5 orc priests
  3 hounds
  6 orc wizards
  7 worker ants
  A killer bee zombie (D:8)
  A hound zombie (D:7)
  9 adders
  A howler monkey skeleton (D:6)
  7 gnolls
  An adder skeleton (D:7)
  A worm (D:4)
  3 dart slugs
  2 leopard geckos (D:1)
  26 orcs
  2 ball pythons (D:2)
  5 giant cockroaches
  12 goblins
  10 hobgoblins
  6 jackals
  2 quokkas
  5 bats
  6 frilled lizards
  17 kobolds
  A quokka skeleton (D:4)
  4 rats
164 creatures vanquished.

Vanquished Creatures (collateral kills)
  An orc warrior (D:7)
  2 ice beasts
  3 phantoms
  A necrophage (D:8)
  A centaur (D:5)
  A water moccasin zombie (D:6)
  3 crimson imps
  A bullfrog skeleton (D:7)
  A jelly (D:5)
  A centaur skeleton (D:7)
  An orc wizard (D:6)
  A worker ant zombie (D:7)
  2 adders
  A shadow imp (D:8)
  An adder skeleton (D:6)
  An orc (D:7)
  A giant cockroach (D:5)
  2 leopard gecko skeletons
25 creatures vanquished.

Vanquished Creatures (others)
  3 bushes (D:8)
  7 fungi
  13 plants (D:8)
  6 toadstools (D:3)
29 creatures vanquished.

Grand Total: 218 creatures vanquished

Notes
Turn   | Place    | Note
-------+----------+-------------------------------------------
     0 | D:1      | Trogdor the Felid Venom Mage began the quest for the Orb.
     0 | D:1      | Reached XP level 1. HP: 7/7 MP: 4/4
   155 | D:1      | Reached XP level 2. HP: 11/11 MP: 0/6
   419 | D:1      | Reached skill level 1 in Conjurations
   423 | D:1      | Learned a level 2 spell: Poisonous Vapours
   788 | D:1      | Reached XP level 3. HP: 14/14 MP: 3/7
  1180 | D:2      | Learned a level 3 spell: Mephitic Cloud
  1330 | D:2      | Reached XP level 4. HP: 16/18 MP: 1/8
  1724 | D:2      | Found a sacrificial altar of Ru.
  1726 | D:2      | Found a shattered altar of Ashenzari.
  1738 | D:2      | Became a worshipper of Ru the Awakened
  2362 | D:3      | Noticed an ogre
  2549 | D:3      | Killed an ogre
  2549 | D:3      | Reached skill level 1 in Air Magic
  2549 | D:3      | Reached XP level 5. HP: 21/21 MP: 5/10
  2644 | D:3      | Found a sparkling altar of Nemelex Xobeh.
  2908 | D:3      | Found a shimmering altar of Xom.
  3075 | D:3      | Learned a level 4 spell: Olgreb's Toxic Radiance
  3874 | D:4      | Gained mutation: You are covered in thick fur. (AC +2)
                  | [Felid growth]
  3874 | D:4      | Reached XP level 6. HP: 18/24 MP: 5/11
  4049 | D:4      | Found a staircase to the Ecumenical Temple.
  4361 | D:4      | Reached skill level 5 in Poison Magic
  4367 | D:4      | Learned a level 2 spell: Call Imp
  4526 | D:4      | Reached XP level 7. HP: 27/27 MP: 10/14
  4958 | D:5      | Entered Level 5 of the Dungeon
  4986 | D:5      | Reached skill level 1 in Summonings
  5387 | D:5      | Reached skill level 5 in Spellcasting
  5485 | D:5      | Learned a level 4 spell: Summon Lightning Spire
  5505 | D:5      | Found an opulent altar of Gozag.
  5641 | D:5      | Reached XP level 8. HP: 31/31 MP: 12/16
  5773 | D:5      | Gained mutation: You are frail. (-10% HP) [Ru sacrifice]
  5773 | D:5      | Reached * piety under Ru
  5773 | D:5      | Reached ** piety under Ru
  6436 | D:6      | Killed from afar by an orc wizard
  6437 | D:6      | Reached XP level 7. HP: -5/24 MP: 8/16
  6686 | D:6      | Reached XP level 8. HP: 27/27 MP: 7/18
  8260 | D:7      | Found a radiant altar of Vehumet.
  8264 | D:7      | Noticed Harold
  8302 | D:7      | HP: 1/27 [Harold/harpoon shot (12)]
  8707 | D:7      | Slain by Harold
  8708 | D:7      | Reached XP level 7. HP: -2/24 MP: 9/18
  8738 | D:7      | Killed Harold
  8738 | D:7      | Reached XP level 8. HP: 27/27 MP: 16/20
  8752 | D:7      | Learned a level 5 spell: Venom Bolt
  9589 | D:8      | Reached skill level 1 in Unarmed Combat
  9718 | D:8      | Noticed a hippogriff
 10043 | D:8      | Reached XP level 9. HP: 24/30 MP: 12/21
 10045 | D:8      | Reached skill level 5 in Stealth
 10052 | D:8      | Killed by miscasting Venom Bolt

Skill      XL: |  1  2  3  4  5  6  7  8  9 |
---------------+----------------------------+-----
Poison Magic   | 3 4 5 6 7 |  7.2
Conjurations   | 1 2 |  2.6
Stealth        | 3 4 5 |  5.0
Air Magic      | 1 2 3 4 |  4.6
Spellcasting   | 3 4 7 |  7.8
Summonings     | 4 3 |  4.4
Dodging        | 3 |  3.2
Unarmed Combat | 1 |  1.3
Fighting       | |  0.1

Action                   |  1- 3 |  4- 6 |  7- 9 || total
-------------------------+-------+-------+-------++-------
Melee: Unarmed           |     6 |    33 |   148 ||   187
       Bite              |     1 |     3 |    13 ||    17
       Punch             |       |       |     1 ||     1
 Cast: Sting             |    31 |    24 |    63 ||   118
       Poisonous Vapours |    21 |    53 |    52 ||   126
       Mephitic Cloud    |       |     1 |     1 ||     2
       Olgreb's Toxic Ra |       |     2 |    16 ||    18
       Call Imp          |       |       |    49 ||    49
       Summon Lightning  |       |       |    11 ||    11
       Venom Bolt        |       |       |     2 ||     2
Invok: Sacrifice Health  |       |       |     1 ||     1
  Use: Potion            |     1 |     1 |     4 ||     6
       Scroll            |       |     5 |     6 ||    11
 Stab: Sleeping          |     4 |     1 |       ||     5
       Distracted        |       |     1 |     6 ||     7
  Eat: Chunk             |    10 |     8 |    22 ||    40
Armor: Skin              |     1 |     3 |    14 ||    18
Dodge: Dodged            |    11 |    27 |   115 ||   153
